 Dungeon Crawl Stone Soup version 0.27.1-34-g3ba077fa99 (webtiles) character file.

Game seed: 6976719472637152321

67 belegose the Ruffian (level 4, -1/42 HPs)
             Began as a Troll Transmuter on Jan 10, 2022.
             Killed from afar by Sigmund (9 damage)
             ... with a magic dart
             ... on level 2 of the Dungeon.
             The game lasted 00:04:12 (1035 turns).

belegose the Ruffian (Troll Transmuter)             Turns: 1035, Time: 00:04:13

Health: -1/42      AC:  4    Str: 19    XL:     4   Next: 0%
Magic:  4/4        EV:  9    Int:  9    God:
Gold:   79         SH:  0    Dex: 10    Spells: 4/5 levels left

rFire    . . .     SeeInvis .     - Unarmed
rCold    . . .     Faith    .   (no shield)
rNeg     . . .     Spirit   .   a - +0 robe
rPois    .         Reflect  .   (helmet restricted)
rElec    .         Harm     .   (no cloak)
rCorr    .         Rampage  .   (gloves unavailable)
Will     .....                  (boots unavailable)
Stlth    +.........             (no amulet)
HPRegen  1.14/turn              (no ring)
MPRegen  0.09/turn              (no ring)

@: confused
A: large, unfitting armour, claws 3, regeneration 1, shaggy fur 1, tough skin 1
a: no special abilities


You were on level 2 of the Dungeon.
You visited 1 branch of the dungeon, and saw 2 of its levels.

You collected 79 gold pieces.

Inventory:

Missiles
 d - 5 large rocks
 f - 55 stones
Armour
 a - a +0 robe (worn)
Scrolls
 b - a scroll of magic mapping {unknown}
 c - a scroll of identify {unknown}
 e - a scroll of teleportation {unknown}


   Skills:
 + Level 1.9 Fighting
 + Level 1.6 Throwing
 - Level 1.5 Dodging
 + Level 3.7 Unarmed Combat
 - Level 1.2 Spellcasting
 - Level 1.3 Transmutations


You had 4 spell levels left.
You knew the following spells:

 Your Spells              Type           Power      Damage    Failure   Level
a - Beastly Appendage     Tmut           6%         N/A       21%         1

Your spell library contained the following spells:

 Spells                   Type           Power      Damage    Failure   Level
 Wereblood                Tmut           3%         N/A       30%         2
 Spider Form              Tmut/Pois      0%         N/A       63%         3
 Ice Form                 Ice/Tmut       1%         N/A       95%         4


Dungeon Overview and Level Annotations

Branches:
Dungeon (2/15)

Altars:

Shops:
D:1 [

Annotations:
D:2 Robin, Sigmund


Innate Abilities, Weirdness & Mutations

You are too large for most types of armour.
You have claws for hands.
Your natural rate of healing is unusually fast.
You are covered in fur. (AC +1)
You have tough skin. (AC +1)


Message History

You climb downwards.
Level annotation: Robin, Sigmund
There is a stone staircase leading up here.
Sigmund gestures at you while chanting. The puff of flame hits you!
You see here an adder corpse.
Sigmund points at you and mumbles some strange words.
The magic dart hits you but does no damage.
Sigmund mumbles some strange words.
Sigmund flickers and vanishes!
Deactivating autopickup; reactivate with Ctrl-A.
You miss something. Something hits you!
You miss something. You barely miss something.
You hear some strange, mumbled words.
A puff of flame appears from out of thin air!
The puff of flame misses you.
You claw something! Something hits you.
You claw something! Something hits you!
You miss something. You closely miss something. Something hits you.
You claw something!
You hear some strange, mumbled words.
You are confused.
You closely miss something.
You hear some strange, mumbled words.
A puff of flame appears from out of thin air!
The puff of flame hits you!
* * * LOW HITPOINT WARNING * * *
You miss something.
You bump into the rock wall.
You hear some strange, mumbled words.
A puff of flame appears from out of thin air!
The puff of flame hits you.
* * * LOW HITPOINT WARNING * * *
You miss something. Something hits you.
* * * LOW HITPOINT WARNING * * *
A magic dart appears from out of thin air!
The magic dart hits you!
You die...

###++####+ #........#
+........# #.#......#
##.#......# ###
#........###{...
#####........#<..#
###<†..{....#######...
#..†.@.#....# #
#......#....#
####......#....#
#................
#.................
#.............>...
######............
#......... .........


There were no monsters in sight!

Vanquished Creatures
  Terence (D:1)
  An adder (D:2)
  A dart slug (D:1)
  An endoplasm (D:1)
  4 hobgoblins (D:1)
  2 jackals (D:1)
  A quokka (D:1)
  2 ball pythons
  12 goblins (D:1)
  2 kobolds (D:1)
27 creatures vanquished.

Notes
Turn   | Place    | Note
-------+----------+-------------------------------------------
     0 | D:1      | belegose the Troll Transmuter began the quest for the Orb.
     0 | D:1      | Reached XP level 1. HP: 18/18 MP: 1/1
   129 | D:1      | Reached skill level 1 in Fighting
   157 | D:1      | Found Niebobb's Armour Boutique.
   399 | D:1      | Reached XP level 2. HP: 25/27 MP: 2/2
   455 | D:1      | Found a faded altar of an unknown god.
   622 | D:2      | Noticed Sigmund
   658 | D:2      | Noticed Robin
   761 | D:1      | Reached skill level 1 in Throwing
   785 | D:1      | Reached XP level 3. HP: 32/33 MP: 3/3
   843 | D:2      | Noticed Terence
   865 | D:1      | Killed Terence
   904 | D:1      | Reached XP level 4. HP: 42/42 MP: 4/4
  1035 | D:2      | Killed from afar by Sigmund

Illustrated notes

Levels and vault maps discovered:
D:1:      pf_arrival_petrified_forest, layout_loops_ring,
          ebering_ecumenical_altar_box, serial_shops, shop
D:2:      minmay_alternating_diamond, layout_basic, kennysheep_generic_room_6,
          uniq_robin, uniq_natasha, uniq_sigmund, uniq_terence

Skill      XL: |  1  2 |
---------------+-------+-----
Fighting       | 1 |  1.9
Throwing       | 1 |  1.6
Dodging        | |  1.5
Unarmed Combat | |  3.7
Spellcasting   | |  1.2
Transmutations | |  1.3

Action                   |  1- 3 |  4- 6 || total
-------------------------+-------+-------++-------
Melee: Unarmed           |    70 |    11 ||    81
Armor: Robe              |    23 |     1 ||    24
Dodge: Dodged            |    47 |     1 ||    48
